 Dungeon Crawl Stone Soup version 0.23.1 (webtiles) character file.

Game seed: 18139591545998930061

2643 Borgoz the Sneak (level 9, -4/69 HPs)
             Began as a Demonspawn Assassin on Mar 6, 2019.
             Was a Follower of Ashenzari.
             Slain by Erica
             ... wielding a +2 scimitar of flaming
              (18 damage)
             ... on level 8 of the Dungeon.
             The game lasted 00:17:04 (8966 turns).

Borgoz the Sneak (Demonspawn Assassin)              Turns: 8966, Time: 00:17:05

Health: -4/69      AC:  8    Str: 13 (14) XL:     9   Next: 35%
Magic:  3/3        EV: 15    Int: 13 (14) God:    Ashenzari [*.....]
Gold:   343        SH:  0    Dex: 16 (19) Spells: 8/11 levels left

rFire    + + +     SeeInvis .   a - +1 short sword (antimagic)
rCold    + + .     Gourm    .   (no shield)
rNeg     . . .     Faith    .   D - +5 robe of Forking Paths {rF+ rC+ Dex-2 Stlth+} (curse)
rPois    +         Spirit   .   (helmet unavailable)
rElec    +         Reflect  .   w - +0 cloak
rCorr    +         Harm     .   (no gloves)
MR       .....                  (no boots)
Stlth    +++++.....             (no amulet)
HPRegen  0.21/turn              l - ring of protection from fire
MPRegen  0.08/turn              d - +5 ring of dexterity (curse)

@: resistant, slowed, very slow
A: horns 3, thin skeletal structure 1, demonic guardian 1, powered by death 1
a: Curse Item, Scrying, Renounce Religion


You were on level 8 of the Dungeon.
You worshipped Ashenzari.
Ashenzari was aware of your devotion.
You were hungry.

You visited 2 branches of the dungeon, and saw 9 of its levels.
You also visited: Ossuary.

You collected 343 gold pieces.

Inventory:

Hand Weapons
 a - a +1 antimagic short sword (weapon)
 b - a +0 blowgun
Missiles
 e - 7 poisoned needles
 f - 2 curare-tipped needles
Armour
 w - a +0 cloak (worn)
 D - the cursed +5 robe of Forking Paths (worn) {rF+ rC+ Dex-2 Stlth+}
   (You found it on level 7 of the Dungeon)

   It affects your dexterity (-2).
   It protects you from fire.
   It protects you from cold.
   It makes you more stealthy.
   It has a curse placed upon it.
Jewellery
 d - a cursed +5 ring of dexterity (right hand)
 i - a +2 ring of protection
 l - a ring of protection from fire (left hand)
 m - an uncursed ring of flight
 n - an uncursed ring of fire
 C - an uncursed ring of stealth
Wands
 v - a wand of flame (6)
 G - a wand of enslavement (10)
Scrolls
 j - a scroll of fog {unknown}
 k - a scroll of amnesia
 o - a scroll of enchant armour
 p - a scroll of teleportation {unknown}
 q - a scroll of holy word {unknown}
 t - a scroll of enchant weapon {unknown}
 x - a scroll of blinking {unknown}
 y - a scroll of immolation {unknown}
 F - a scroll of magic mapping
Potions
 c - a potion of resistance
 h - a potion of haste
 r - 2 potions of brilliance
 s - 4 potions of lignification
 u - 2 potions of curing
 z - a potion of agility {unknown}
 A - a potion of cancellation {unknown}
 E - a potion of mutation {unknown}
Comestibles
 g - 16 rations


   Skills:
 + Level 5.9 Fighting
 + Level 5.4 Short Blades
 - Level 1.7 Throwing
 + Level 5.0 Armour
 + Level 5.1 Dodging
 + Level 6.7 Stealth
 + Level 1.6 Spellcasting
 + Level 0.0 Necromancy


You had 8 spell levels left.
You knew the following spells:

 Your Spells              Type           Power        Failure   Level  Hunger
a - Regeneration          Chrm/Necr      #.........   63%         3    ####...

Your spell library contained the following spells:

 Spells                   Type           Power        Failure   Level  Hunger
 Infusion                 Chrm           #...         26%         1    ##.....
 Shroud of Golubria       Chrm/Tloc      #.........   38%         2    ###....
 Song of Slaying          Chrm           #.......     38%         2    ###....
 Spectral Weapon          Hex/Chrm       #.......     63%         3    ####...


Dungeon Overview and Level Annotations

Branches:
Dungeon (8/15)             Temple (1/1) D:5
   Lair: D:8-11

Altars:
Ashenzari
Cheibriados
Dithmenos
Elyvilon
Fedhas
Gozag
Hepliaklqana
Kikubaaqudgha
Makhleb
Nemelex Xobeh
Okawaru
Qazlal
Ru
Sif Muna
Trog
Vehumet
Wu Jian
Xom
Yredelemnul
Zin
The Shining One

Shops:
D:7 (

Annotations:
D:8 Erica, Grum


Innate Abilities, Weirdness & Mutations

You have a pair of large horns on your head.
You have a somewhat thin skeletal structure. (Dex +2, Stealth)
A weak demonic guardian rushes to your aid.
You regenerate a little health from kills.


Message History

Erica hits you but does no damage.
Your ufetubus hits Erica. x2
You hit Erica.
Erica's magic leaks into the air.
You headbutt Erica.
Erica is moderately wounded.
Your ufetubus hits Erica.
Your ufetubus hits Erica but does no damage.
Erica barely misses you.
Your ufetubus hits Erica.
Your ufetubus barely misses Erica.
You closely miss Erica. Your headbutt misses Erica.
Erica is moderately wounded.
Your ufetubus barely misses Erica.
Your ufetubus hits Erica. Erica casts a spell at you.
The orb of energy hits you!
* * * LOW HITPOINT WARNING * * *
The orb of energy explodes!
Your ufetubus barely misses Erica.
Your ufetubus misses Erica. You hit Erica.
Erica's magic leaks into the air.
You headbutt Erica!
Erica is heavily wounded.
Your ufetubus barely misses Erica. x2
Erica hits you with a +2 scimitar of flaming!!
You die...

....##.# ......... ......#.#
......... #.#....# ........
......# ....... #....# .....
...#..@.# # .... ......5@#.#
.##.##..#
..#####.#.##.#........#
............... #.#
.######.#############.# ....#
..#.......#.......# ###....
#.##.#######.##.###### ...#.#
#.##.#.......##.######.
....###.##.#.................
.......##.#..#######.#######


You could see Erica and a friendly ufetubus.

Vanquished Creatures
  2 hogs (D:6)
  A human (D:7)
  A sky beast (D:5)
  An ice beast (D:6)
  2 phantoms
  An ogre (D:4)
  A wolf (D:7)
  2 centaurs
  4 water moccasin zombies
  2 scorpions
  2 howler monkeys (D:6)
  2 crimson imps
  2 centaur zombies
  A bullfrog skeleton (D:4)
  A hound (D:7)
  4 orc wizards
  An iguana (D:6)
  5 worker ants
  2 big kobold zombies (Ossuary)
  A hound skeleton (D:4)
  2 mummies (Ossuary)
  A worker ant zombie (D:6)
  4 gnolls (D:6)
  3 adders
  A howler monkey skeleton (D:7)
  2 shadow imps (D:5)
  A white imp (D:5)
  5 adder zombies
  3 adder skeletons
  4 worms
  2 dart slugs
  8 leopard geckos
  24 orcs
  2 ball pythons (D:3)
  7 bats
  11 giant cockroaches
  3 goblins
  3 hobgoblins (D:1)
  7 jackals
  9 kobolds
  5 quokkas
  A ball python skeleton (D:4)
  5 frilled lizards
  4 gnoll zombies (Ossuary)
  2 hobgoblin zombies (Ossuary)
  2 kobold zombies (Ossuary)
  A leopard gecko zombie (D:7)
  6 orc zombies (Ossuary)
  13 rats
179 creatures vanquished.

Vanquished Creatures (collateral kills)
  2 hogs (D:7)
  An ogre (D:6)
  A wolf (D:7)
  A big kobold (D:7)
5 creatures vanquished.

Vanquished Creatures (others)
  An orc (D:6)
1 creature vanquished.

Grand Total: 185 creatures vanquished

Notes
Turn   | Place    | Note
-------+----------+-------------------------------------------
     0 | D:1      | Borgoz the Demonspawn Assassin began the quest for the Orb.
     0 | D:1      | Reached XP level 1. HP: 16/16 MP: 1/1
    33 | D:1      | Reached skill level 1 in Dodging
    66 | D:1      | Gained mutation: A weak demonic guardian rushes to your
                  | aid. [demonic ancestry]
    66 | D:1      | Reached XP level 2. HP: 15/22 MP: 2/2
   186 | D:1      | HP: 1/22 [kobold/+0 short sword (2)]
   966 | D:1      | Gained mutation: You have a pair of small horns on your
                  | head. [demonic ancestry]
   966 | D:1      | Reached XP level 3. HP: 26/28 MP: 1/3
  1217 | D:2      | Reached skill level 1 in Armour
  1250 | D:2      | Found a glowing golden altar of the Shining One.
  2339 | D:3      | Gained mutation: You have a somewhat thin skeletal
                  | structure. (Dex +2, Stealth) [demonic ancestry]
  2339 | D:3      | Reached XP level 4. HP: 32/34 MP: 1/4
  2345 | D:3      | Reached skill level 4 in Stealth
  3642 | D:4      | Gained mutation: You regenerate a little health from kills.
                  | [demonic ancestry]
  3642 | D:4      | Reached XP level 5. HP: 40/40 MP: 1/5
  3672 | D:4      | Noticed an ogre
  3680 | D:4      | Killed an ogre
  3717 | D:4      | Gained mutation: You have a pair of horns on your head.
                  | [demonic ancestry]
  3717 | D:4      | Reached XP level 6. HP: 37/47 MP: 2/6
  4333 | D:5      | Entered Level 5 of the Dungeon
  4400 | D:5      | Found a sand-covered staircase.
  4409 | Ossuary  | Entered an ossuary
  4485 | Ossuary  | Reached XP level 7. HP: 48/53 MP: 2/7
  4569 | Ossuary  | Reached skill level 5 in Stealth
  4749 | D:5      | Found a staircase to the Ecumenical Temple.
  4758 | Temple   | Entered the Ecumenical Temple
  4931 | Temple   | Became a worshipper of Ashenzari the Shackled
  6044 | D:6      | Gained mutation: You have a pair of large horns on your
                  | head. [demonic ancestry]
  6044 | D:6      | Reached XP level 8. HP: 33/61 MP: 2/8
  6181 | D:6      | Found an opulent altar of Gozag.
  6182 | D:6      | Found a blossoming altar of Fedhas.
  6186 | D:6      | Found a deep blue altar of Sif Muna.
  6188 | D:6      | Found a radiant altar of Vehumet.
  6384 | D:6      | Reached * piety under Ashenzari
  6668 | D:6      | Reached skill level 5 in Fighting
  6909 | D:7      | Reached skill level 6 in Stealth
  6983 | D:7      | Found Eschorgh's Antique Weapon Boutique.
  7138 | D:7      | Got the uncursed robe of Forking Paths {rF+ rC+ Dex-2
                  | Stlth+}
  7149 | D:7      | Identified the +5 robe of Forking Paths {rF+ rC+ Dex-2
                  | Stlth+} (You found it on level 7 of the Dungeon)
  7277 | D:7      | Reached skill level 5 in Short Blades
  7394 | D:7      | Reached XP level 9. HP: 62/68 MP: 3/9
  7945 | D:6      | Reached skill level 1 in Spellcasting
  8286 | D:7      | Reached skill level 5 in Dodging
  8358 | D:8      | Noticed Grum
  8389 | D:7      | Reached skill level 5 in Armour
  8398 | D:7      | Learned a level 3 spell: Regeneration
  8956 | D:8      | Noticed Erica
  8966 | D:8      | Slain by Erica

Skill      XL: |  1  2  3  4  5  6  7  8  9 |
---------------+----------------------------+-----
Dodging        | 1 2 3 4 5 |  5.1
Short Blades   | 2 3 4 5 |  5.4
Armour         | 1 2 3 4 5 |  5.0
Stealth        | 4 5 6 |  6.7
Fighting       | 3 4 5 |  5.9
Spellcasting   | 1 |  1.6
Throwing       | |  1.7

Action                   |  1- 3 |  4- 6 |  7- 9 || total
-------------------------+-------+-------+-------++-------
Melee: Dagger            |    72 |       |       ||    72
       Short sword       |    79 |   204 |   393 ||   676
       Headbutt          |     8 |    47 |    89 ||   144
 Fire: Blowgun           |       |       |     4 ||     4
Invok: Curse Item        |       |       |     2 ||     2
  Use: Scroll            |       |    10 |     2 ||    12
       Potion            |       |     1 |     9 ||    10
 Stab: Sleeping          |    10 |    14 |    14 ||    38
       Distracted        |       |     2 |     1 ||     3
       Invisible         |       |     4 |       ||     4
  Eat: Chunk             |     4 |     8 |    10 ||    22
       Ration            |       |       |     1 ||     1
Armor: Robe              |    31 |    16 |    40 ||    87
       Leather armour    |       |    26 |    35 ||    61
Dodge: Dodged            |    94 |   139 |   287 ||   520
